 Dungeon Crawl Stone Soup version 0.19-a0-1899-g2d93087 (webtiles) character file.

33 Jorund the Stinger (level 3, 14/14 HPs)
             Began as a Felid Venom Mage on Oct 19, 2016.
             Quit the game on level 3 of the Dungeon.
             The game lasted 00:05:40 (1840 turns).

Jorund the Stinger (Felid Venom Mage)               Turns: 1840, Time: 00:05:41

Health: 14/14      AC:  1    Str:  4    XL:     3   Next: 12%
Magic:  8/8        EV: 18    Int: 17    God:
Gold:   144        SH:  0    Dex: 16    Spells: 1 memorised, 6 levels left
                                        Lives:  0   Deaths: 1

rFire  . . .     SeeInvis +     (weapon unavailable)
rCold  . . .     Gourm    .     (armour unavailable)
rNeg   . . .     Faith    .     (shield unavailable)
rPois  .         Spirit   .     (helmet unavailable)
rElec  .         Reflect  .     (cloak unavailable)
rCorr  .         Harm     +     (gloves unavailable)
MR     .....                    (boots unavailable)
Stlth  +++.......               l - amulet of harm
                                (no ring)
                                (no ring)

@: quick
A: no armour, no weapons or thrown items, stealth, claws 1, fangs 3, see
invisible, carnivore 3, speed 1, shaggy fur 1, slow metabolism 1, sharp paws
a: no special abilities


You were on level 3 of the Dungeon.
You were not hungry.

You visited 1 branch of the dungeon, and saw 3 of its levels.

You collected 144 gold pieces.

Inventory:

Jewellery
 l - an amulet of harm (around neck)
Scrolls
 d - a scroll of remove curse
Potions
 h - a potion of mutation {unknown}
 j - a potion of might {unknown}
 k - 2 potions of cure mutation {unknown}
Books
 a - a Young Poisoner's Handbook

   Spells                             Type                      Level
   a - Sting                          Conjuration/Poison           1
   b - Mephitic Cloud                 Conjuration/Poison/Air       3
   c - Olgreb's Toxic Radiance        Poison                       4
   d - Alistair's Intoxication        Transmutation/Poison         5
   e - Venom Bolt                     Conjuration/Poison           5
Comestibles
 b - 4 meat rations


   Skills:
 - Level 2.6 Dodging
 - Level 2.6 Stealth
 + Level 2.9 Spellcasting
 + Level 1.0 Conjurations
 + Level 4.4 Poison Magic


You had 6 spell levels left.
You knew the following spells:

 Your Spells              Type           Power        Failure   Level  Hunger
a - Sting                 Conj/Pois      ##..         10%         1    #......


Dungeon Overview and Level Annotations

Branches:
Dungeon (3/15)

Altars:
Elyvilon
Nemelex Xobeh
The Shining One


Innate Abilities, Weirdness & Mutations

You cannot wear armour.
You are incapable of wielding weapons or throwing items.
Your paws allow you to move quietly. (Stealth)
You have sharp claws.
You have razor-sharp teeth.
You have supernaturally acute eyesight. (SInv)
You are carnivorous and can eat meat at any time.
You cover ground quickly.
You are covered in fur. (AC +1)
You have a slow metabolism.
Your sharp claws are effective at attacking unaware monsters.


Message History

The centaur completely misses you.
A goblin comes into view.
You see here a scroll of identify.
Casting: Sting
Confirm with . or Enter, or press ? or * to list all spells.
Aiming: Sting
Press: ? - help, Shift-Dir - straight line, f - centaur
Aim: a centaur The sting hits the centaur.
The centaur appears unharmed.
The centaur closely misses you. The centaur hits you!
Ouch! That really hurt!
You feel better. The centaur hits you!
Ouch! That really hurt!
* * * LOW HITPOINT WARNING * * *
You feel better. The centaur completely misses you. The centaur hits you!
Ouch! That really hurt!
You die...
You are now level 3!
You rejoin the land of the living...
Are you sure you want to abandon this character and quit the game? (Confirm with "yes".)

#.# #.#####
#.#
#.....#####
.<.
#####....<#
### #######
############.#
.......@.....#
############.#


There were no monsters in sight!

Vanquished Creatures
  A gnoll (D:1)
  2 adders (D:2)
  2 dart slugs
  A leopard gecko (D:2)
  A ball python (D:1)
  7 bats
  6 giant cockroaches
  2 goblins
  4 hobgoblins
  4 jackals (D:1)
  3 kobolds (D:1)
  5 frilled lizards (D:1)
  3 rats (D:1)
41 creatures vanquished.

Notes
Turn   | Place    | Note
-------+----------+-------------------------------------------
     0 | D:1      | Jorund the Felid Venom Mage began the quest for the Orb.
     0 | D:1      | Reached XP level 1. HP: 7/7 MP: 4/4
   257 | D:1      | Reached skill level 4 in Poison Magic
   257 | D:1      | Reached XP level 2. HP: 9/11 MP: 0/6
   626 | D:1      | Reached XP level 3. HP: 14/14 MP: 5/7
  1231 | D:2      | Found a white marble altar of Elyvilon.
  1307 | D:2      | Found a glowing golden altar of the Shining One.
  1307 | D:2      | Found a sparkling altar of Nemelex Xobeh.
  1584 | D:2      | Reached XP level 4. HP: 18/18 MP: 4/9
  1601 | D:2      | Reached skill level 1 in Conjurations
  1830 | D:3      | Found a sparkling altar of Nemelex Xobeh.
  1836 | D:3      | Noticed a centaur
  1839 | D:3      | Slain by a centaur
  1840 | D:3      | Reached XP level 3. HP: -1/14 MP: 8/8
  1840 | D:3      | Quit the game

Vault maps used:
D:1:      eino_arrival_water_star, minmay_misc_feat_doors
D:2:      amethyst_overflow_temple_binary, elyvilon_altar_3
D:3:      first_bread, nemelex_spade_bored_becter

Skill      XL: |  1  2  3  4 |
---------------+-------------+-----
Poison Magic   | 4 |  4.4
Conjurations   | 1 |  1.0
Dodging        | |  2.6
Stealth        | |  2.6
Spellcasting   | |  2.9

Action                   |  1- 3 |  4- 6 || total
-------------------------+-------+-------++-------
Melee: Unarmed           |    34 |       ||    34
       Bite              |     1 |       ||     1
 Cast: Sting             |    68 |     6 ||    74
  Use: Scroll            |     6 |     4 ||    10
       Potion            |       |     2 ||     2
  Eat: Chunk             |     9 |       ||     9
Armor: Skin              |     2 |       ||     2
Dodge: Dodged            |    46 |     5 ||    51
